 Dungeon Crawl Stone Soup version 0.23.2-1-ga50397a6bc (webtiles) character file.

Game seed: 8782826356836319934

74 Mrkan the Skirmisher (level 4, 0/37 HPs)
             Began as a Formicid Abyssal Knight on May 14, 2019.
             Was a Believer of Lugonu.
             Succumbed to an adder's poison
             ... on level 1 of the Dungeon.
             The game lasted 00:05:01 (1371 turns).

Mrkan the Skirmisher (Formicid Abyssal Knight)      Turns: 1371, Time: 00:05:02

Health: 0/37       AC:  3    Str: 18    XL:     4   Next: 52%
Magic:  5/6        EV: 10    Int: 11    God:    Lugonu [**....]
Gold:   73         SH:  3    Dex: 10    Spells: 3/3 levels left

rFire    . . .     SeeInvis +   a - +1 mace
rCold    . . .     Gourm    .   l - +0 buckler
rNeg     . . .     Faith    .   b - +0 leather armour
rPois    .         Spirit   .   (helmet unavailable)
rElec    .         Reflect  .   (no cloak)
rCorr    .         Harm     .   (no gloves)
MR       .....                  (no boots)
Stlth    +.........             (no amulet)
HPRegen  0.12/turn              (no ring)
MPRegen  0.10/turn              (no ring)

@: lethally poisoned (0 -> -1)
A: permanent stasis, dig shafts and tunnels, four strong arms, antennae 3
a: Dig, Shaft Self, Depart the Abyss, Bend Space, Renounce Religion


You were on level 1 of the Dungeon.
You worshipped Lugonu.
Lugonu was pleased with you.
You were not hungry.

You visited 1 branch of the dungeon, and saw 2 of its levels.
You visited the Abyss 1 time.

You collected 73 gold pieces.

Inventory:

Hand Weapons
 a - a +1 mace (weapon)
Armour
 b - a +0 leather armour (worn)
 j - a cursed +0 robe
 l - a +0 buckler (worn)
Jewellery
 g - a cursed -2 ring of evasion {unknown}
Scrolls
 e - 4 scrolls of identify {unknown}
 f - a scroll of teleportation {unknown}
 i - a scroll of fear {unknown}
 n - a scroll of enchant weapon {unknown}
Potions
 d - a potion of curing {unknown}
 h - a potion of heal wounds {unknown}
 k - 2 potions of haste {unknown}
Comestibles
 c - 2 rations


   Skills:
 + Level 3.8 Fighting
 * Level 3.2 Maces & Flails
 + Level 2.9 Armour
 - Level 0.8 Dodging
 + Level 3.0 Invocations


You had 3 spell levels left.
You didn't know any spells.
Your spell library was empty.

Dungeon Overview and Level Annotations

Branches:
Dungeon (2/15)

Altars:


Innate Abilities, Weirdness & Mutations

You cannot be hasted, slowed, berserked, paralysed or teleported.
You can dig through walls and to a lower floor.
Your four strong arms can wield two-handed weapons with a shield.
You have a pair of large antennae on your head. (SInv)


Message History

The giant cockroach barely misses you. The adder bites you.
* * * LOW HITPOINT WARNING * * *
You climb downwards.
You feel sick.
There is a stone staircase leading up here.
The giant cockroach bites you but does no damage.
The adder bites you.
* * * LOW HITPOINT WARNING * * *
The giant cockroach bites you.
* * * LOW HITPOINT WARNING * * *
You climb upwards.
There is a stone staircase leading down here.
Space bends around you!
You blink.
* * * LOW HITPOINT WARNING * * *
You feel sick. The adder closely misses you.
The adder bites you but does no damage.
* * * LOW HITPOINT WARNING * * *
You feel sick. The adder barely misses you.
You die...

.....####.#########.#
.....##(..(..)...#..#
..........######.#.##
.#..........# #.#.#
####.##.###.# #.#.#
####.##.###.# #.#.#
.....##.#...# #.#[#
#########.### #.#.#
#.......#.## #@#.#
'.>.>.>.'..#####.#.#
#.......##...s.S.#.#
#########..#######.#
#.......#.#### #.#
+...<...'....## #.#
#.......#.###.# #.#
#########.# #.####.#
# #.......###....(.#


You could see an adder.

Vanquished Creatures
  3 adders (D:2)
  A worm (D:2)
  2 dart slugs (D:1)
  2 ball pythons
  2 giant cockroaches
  6 goblins
  3 hobgoblins (D:1)
  7 kobolds
  5 bats
  3 frilled lizards (D:1)
  7 rats
41 creatures vanquished.

Notes
Turn   | Place    | Note
-------+----------+-------------------------------------------
     0 | Abyss:1  | Mrkan the Formicid Abyssal Knight began the quest for the
                  | Orb.
     0 | Abyss:1  | Reached XP level 1. HP: 18/18 MP: 2/2
    12 | D:1      | Escaped the Abyss
   142 | D:1      | Reached XP level 2. HP: 23/24 MP: 3/3
   380 | D:1      | Reached XP level 3. HP: 28/29 MP: 4/4
   717 | D:1      | Reached ** piety under Lugonu
  1022 | D:2      | Reached XP level 4. HP: 10/37 MP: 6/6
  1363 | D:1      | HP: 1/37 [poisoned by an adder]
  1371 | D:1      | Succumbed to an adder's poison

Skill      XL: |  1  2  3  4 |
---------------+-------------+-----
Maces & Flails | 3 |  3.2
Invocations    | 3 |  3.0
Fighting       | |  3.8
Armour         | |  2.9
Dodging        | |  0.8

Action                   |  1- 3 |  4- 6 || total
-------------------------+-------+-------++-------
Melee: Mace              |   100 |    33 ||   133
Invok: Bend Space        |       |     1 ||     1
  Eat: Chunk             |       |     2 ||     2
Armor: Leather armour    |    35 |    15 ||    50
Dodge: Dodged            |    65 |    20 ||    85
Block: Buckler           |     6 |     7 ||    13
